 Dungeon Crawl Stone Soup version 0.28.0 (webtiles) character file.

Game seed: 6029114461120470012

220 zkyp the Skirmisher (level 5, -11/78 HPs)
             Began as a Naga Berserker on Feb 9, 2022.
             Was a Believer of Trog.
             Mangled by a gnoll (14 damage)
             ... on level 3 of the Dungeon.
             The game lasted 00:02:11 (3399 turns).

zkyp the Skirmisher (Naga Berserker)                Turns: 3399, Time: 00:02:11

Health: -11/78     AC:  3    Str: 22    XL:     5   Next: 97%
Magic:  5/5        EV:  9    Int:  7    God:    Trog [**....]
Gold:   132        SH:  0    Dex: 10    Spells: 4/4 levels left

rFire   . . .      SeeInvis +   a - +0 hand axe
rCold   . . .      Faith    .   (no shield)
rNeg    . . .      Spirit   .   b - +0 animal skin
rPois   +          Reflect  .   l - +0 helmet
rElec   .          Harm     .   (no cloak)
rCorr   .          Rampage  .   (no gloves)
Will    .....                   (no barding)
Stlth   ..........              (no amulet)
HPRegen 0.23/turn               (no ring)
MPRegen 0.09/turn               (no ring)

@: berserking, quick
A: AC +1, large, see invisible, deformed body, poison resistance, slowness 2,
spit poison 1, naga tail 1
a: Spit Poison, Renounce Religion, Berserk, Trog's Hand


You were on level 3 of the Dungeon.
You worshipped Trog.
Trog was pleased with you.
You visited 1 branch of the dungeon, and saw 3 of its levels.

You collected 132 gold pieces.

Inventory:

Hand Weapons
 a - a +0 hand axe (weapon)
Armour
 b - a +0 animal skin (worn)
 l - a +0 helmet (worn)
Wands
 k - a wand of acid (8)
Scrolls
 c - a scroll of fear {unknown}
 e - 4 scrolls of identify {unknown}
 f - 2 scrolls of amnesia {unknown}
 h - 2 scrolls of fog {unknown}
Potions
 d - a potion of invisibility {unknown}
 g - a potion of might {unknown}
 i - 3 potions of curing {unknown}
 j - a potion of flight {unknown}
 m - a potion of berserk rage {unknown}


   Skills:
 + Level 5.0 Fighting
 + Level 5.0 Axes
 - Level 1.5 Armour
 - Level 1.5 Dodging


You had 4 spell levels left.
You didn't know any spells.
Your spell library was empty.

Dungeon Overview and Level Annotations

Branches:
Dungeon (3/15)

Altars:
Qazlal


Innate Abilities, Weirdness & Mutations

Your serpentine skin is tough. (AC +1)
You have supernaturally acute eyesight. (SInv)
Armour fits poorly on your strangely shaped body.
Your system is resistant to poisons. (rPois)
You cover ground very slowly.
You can spit poison.
You have a snake-like lower body.


Message History

The gnoll shouts!
You hit the kobold.
The kobold is heavily wounded.
The kobold barely misses you.
You slash the kobold!
You kill the kobold!
Trog accepts your kill. The gnoll hits you with a +0 flail!
Things that are here:
a +0 dagger; 3 stones; a kobold corpse You hit the gnoll but do no damage.
You hit the gnoll.
The gnoll is lightly wounded.
The gnoll closely misses you. The gnoll barely misses you.
The gnoll hits you with a +0 flail!
You slash the gnoll!
The gnoll is severely wounded.
The gnoll closely misses you.
The gnoll hits you from afar with a +0 halberd!
The gnoll closely misses you. x2
The gnoll hits you from afar with a +0 halberd!
* * * LOW HITPOINT WARNING * * *
You are too injured to fight recklessly!
You are too injured to fight recklessly!
You are too injured to fight recklessly!
You are too injured to fight recklessly!
There are monsters nearby!
A red film seems to cover your vision as you go berserk!
You feel yourself moving faster!
You feel mighty! The gnoll hits you with a +0 flail!
* * * LOW HITPOINT WARNING * * *
The gnoll hits you from afar with a +0 halberd.
* * * LOW HITPOINT WARNING * * *
The gnoll barely misses you.
You barely miss the gnoll.
The gnoll is severely wounded.
The gnoll hits you with a +0 flail!
* * * LOW HITPOINT WARNING * * *
The gnoll hits you with a +0 halberd!
You die...

........## #.#..# #.##.##....
.###....# #.##.# #.##.##....
...#....######.##.# #)##.##.#..
...#...........##.# #.##.## #.#
...##'###########.#####.##.##.#.#
#####.##########.........#.##....
#####..............####..#.####.#
.........#######g).# #.# #.#
####+##### #@..# #.# #.# #gg..#
#.# #.# #..#.# #.# #.# #..#..#
#.# ##'# #..##.# #.###... ...# ..
#....... ##.# #.# #####... .#
#### #


You could see 3 gnolls.

Vanquished Creatures
  Natasha (thrice) (D:3)
  4 gnolls (D:3)
  3 adders
  2 worms (D:2)
  A dart slug (D:1)
  An orc (D:3)
  6 endoplasms
  3 giant cockroaches
  5 goblins
  8 hobgoblins
  4 jackals (D:2)
  7 kobolds
  2 quokkas
  5 ball pythons
  8 bats
  6 frilled lizards
  5 rats
73 creatures vanquished.

Notes
Turn   | Place    | Note
-------+----------+-------------------------------------------
     0 | D:1      | zkyp the Naga Berserker began the quest for the Orb.
     0 | D:1      | Reached XP level 1. HP: 21/21 MP: 1/1
   475 | D:1      | Reached XP level 2. HP: 27/28 MP: 2/2
  1046 | D:1      | Found a faded altar of an unknown god.
  1294 | D:2      | Reached XP level 3. HP: 18/34 MP: 3/3
  1489 | D:2      | Found a stormy altar of Qazlal.
  1658 | D:2      | Reached ** piety under Trog
  1930 | D:2      | Reached XP level 4. HP: 36/44 MP: 4/4
  2541 | D:3      | Reached XP level 5. HP: 43/51 MP: 5/5
  2620 | D:3      | Noticed Natasha
  2628 | D:3      | Killed Natasha
  2895 | D:3      | Noticed Natasha
  2907 | D:3      | Killed Natasha
  2914 | D:3      | Noticed Natasha
  3090 | D:3      | Killed Natasha
  3303 | D:3      | Reached skill level 5 in Fighting
  3303 | D:3      | Reached skill level 5 in Axes
  3398 | D:3      | HP: 3/78 [gnoll (7)]
  3399 | D:3      | Mangled by a gnoll

Illustrated notes

Levels and vault maps discovered:
D:1:      dpeg_arrival_oval, layout_rooms, shapermc_ecumenical_altar_pompeii,
          minmay_tiny_reverse_x
D:2:      layout_basic, basic_altar
D:3:      layout_basic, minmay_statues_item, corexii_shack, uniq_jessica,
          uniq_natasha

Skill      XL: |  1  2  3  4  5 |
---------------+----------------+-----
Fighting       | 4 5 |  5.0
Axes           | 4 5 |  5.0
Armour         | |  1.5
Dodging        | |  1.5

Action                   |  1- 3 |  4- 6 || total
-------------------------+-------+-------++-------
Melee: Hand axe          |   122 |   103 ||   225
       Punch             |     2 |     3 ||     5
Invok: Berserk           |     1 |     6 ||     7
 Stab: Sleeping          |     1 |     2 ||     3
Armor: Animal skin       |    22 |    31 ||    53
Dodge: Dodged            |    61 |    63 ||   124
